[Event "2nd Bieszczady Chess-ch A 2022"]
[Site "Bystre"]
[Date "2022.07.23"]
[Round "8.8"]
[White "Kucharski, Bartlomiej"]
[Black "Maksimenko, Andrei Jr"]
[Result "1-0"]
[ECO "B40"]
[WhiteElo "2003"]
[BlackElo "1897"]
[Annotator "TA"]
[PlyCount "123"]
[EventDate "2022.07.17"]
[EventCountry "POL"]
[SourceTitle "playchess.com"]
[Source "ChessBase"]
[SourceQuality "1"]
[TimeControl "5400+30"]

1. e4 c5 2. Nf3 e6 3. d3 Nc6 4. g3 Nge7 5. Bg2 g6 6. O-O Bg7 7. Qe2 d6 {[%emt 0:10:27] has lost popularity (7...0-0).} 8. c3 O-O 9. Rd1 {[%emt 0:06:17] C00: French: Unusual White 2nd moves.} e5 10. Na3 Bg4 11. h3 {[%emt 0:03:53] The position is equal.} Bxf3 12. Bxf3 {[%emt 0:00:26] [#]} Rb8 $146 ({Predecessor:} 12... Qd7 13. Bg2 f5 14. Nc2 d5 15. Bg5 Kh8 16. Bxe7 Nxe7 17. b4 Rac8 18. c4 fxe4 {0-1 (68) Fichtl,J-Marsalek,J Pardubice 1965}) 13. Nc2 b5 14. a3 a5 15. b4 axb4 16. axb4 cxb4 17. cxb4 d5 18. Bg2 Qd6 19. d4 Nxd4 20. Nxd4 exd4 21. Bf4 Qxb4 22. exd5 {[%emt 0:02:45] aiming for Rdb1.} Rbd8 (22... d3 $1 $11 23. Qxd3 Bxa1 24. Bxb8 Rxb8 25. Rxa1 Nf5) 23. Rab1 $36 {[%emt 0:06:08][%mdl 2048] Keeping Black busy. White is more active.} Qa3 24. Bc7 ({Better is} 24. Bg5 $16 Nxd5 25. Bxd8 (25. Rxb5 $2 Nc3 $19) 25... Rxd8 26. Bxd5 (26. Rxb5 Nc3 $17) 26... Rxd5 27. Rxb5) 24... Nxd5 25. Bxd8 {[%emt 0:00:55][%cal Bc7d8,Bd8b6,Bb6a7][%mdl 32] A strong pair of Bishops.} Nc3 {[%emt 0:01:38] [#]} (25... Rxd8 $16 26. Bxd5 (26. Rxb5 Nc3 $17) 26... Rxd5) 26. Qe7 $1 $18 Nxb1 (26... Qxe7 27. Bxe7) 27. Rxb1 Qd3 28. Re1 Qc3 29. Bb6 Rb8 $2 {[%emt 0:00:25] [#]} (29... Bf6 30. Qxf6 Qxe1+ 31. Bf1 Qe6 32. Qxd4 Rc8) 30. Bd5 Kh8 (30... Rf8 $142 31. Bc5 d3) 31. Ba7 Rc8 32. Rd1 b4 33. Be4 b3 34. Qd7 (34. Qxf7 $142 {Hoping for Qd5.} b2 35. Kg2) 34... Kg8 $2 (34... Qc7 {was called for.} 35. Qxc7 (35. Bxd4 Qxd7 36. Bxg7+ Kxg7 $18) 35... Rxc7) 35. Bxd4 Bxd4 36. Qxd4 ({Weaker is} 36. Rxd4 Qe1+ 37. Kg2 Rc1 $14) 36... b2 37. Qxc3 Rxc3 {[%emt 0:00:01][%mdl 4096] Endgame KRB-KR} 38. Kf1 f5 39. Bb1 f4 40. gxf4 {[%emt 0:00:00] Ba2+ is the strong threat.} Rxh3 $2 (40... Kg7 41. Ke2 Rb3 42. Rd7+ Kg8) 41. Ke2 Kg7 42. Bd3 Rh4 43. Ke3 Rh3+ 44. f3 Rh5 45. Rd2 $2 (45. Rb1 $18 {is more deadly.} Rh2 46. Be2) 45... Ra5 $2 {[%emt 0:00:00][%mdl 8192] Black cannot hold the game after this.} (45... Rb5 $16) 46. Rxb2 Ra7 47. Rb6 Rf7 {[%emt 0:00:01] Prevents f5.} 48. f5 gxf5 49. Kf4 {[%emt 0:00:09] White mates.} Ra7 50. Bxf5 Rf7 51. Rd6 Rf8 52. Rd7+ Kf6 53. Rxh7 Rb8 54. Rh6+ Kg7 55. Ra6 Rb2 56. Kg5 Rb7 57. f4 Rc7 58. Rd6 Rc1 59. Rd7+ Kh8 60. Bg6 Rc5+ 61. Kh6 Rc8 62. Rh7+ {[%emt 0:00:22] Weighted Error Value: White=0.64/Black=0.58} (62. f5 $142 Kg8 63. f6 Rb8 64. Re7 Kf8 65. Rh7 Kg8 66. Bf7+ Kf8 67. Be6 Ke8 68. Rh8#) 1-0

[Event "2nd Bieszczady Chess-ch A 2022"]
[Site "Bystre"]
[Date "2022.07.23"]
[Round "8.9"]
[White "Bugajski, Robert"]
[Black "Kopacz, Lukasz"]
[Result "1/2-1/2"]
[ECO "A40"]
[WhiteElo "2075"]
[BlackElo "1821"]
[Annotator "TA"]
[PlyCount "75"]
[EventDate "2022.07.17"]
[EventCountry "POL"]
[SourceTitle "playchess.com"]
[Source "ChessBase"]
[SourceQuality "1"]
[TimeControl "5400+30"]

1. d4 g6 2. c4 Bg7 3. Nc3 c5 4. Nf3 d6 5. e3 Nc6 6. Be2 (6. d5 $5 Ne5 7. Nxe5 Bxe5 8. Bd2 $14) 6... e6 {A35: Symmetrical English: 2 Nc3 Nc6 3 Nf3.} 7. O-O Nf6 {[%cal Bg8f6,Bf6d5,Bd5c3][%mdl 32] is the legacy move (7...Nge7).} 8. h3 (8. d5 $5 Ne7 9. e4 $14) 8... O-O 9. e4 (9. Qc2 $142) 9... cxd4 $11 10. Nxd4 Nxd4 ({Much worse is} 10... Nxe4 11. Nxc6 Nxc3 12. Nxd8 $11) 11. Qxd4 {[#]} Nd5 $1 12. Qd3 Nxc3 13. bxc3 Qa5 {Against Ba3} 14. Bd2 {[#]} (14. Qxd6 $11 Rd8 15. Qe7) 14... Rd8 $146 ({Predecessor:} 14... b6 15. Qxd6 Ba6 16. Qf4 Rac8 17. Rfc1 Bxc4 18. Bxc4 Rxc4 19. Qe3 Rfc8 20. Qd3 Qe5 {0-1 (31) Fecteau,M (1882)-Beaudoin,S (2015) Charlesbourg 2013}) 15. Rfb1 Rb8 16. Rb5 Qc7 17. Bf4 b6 $1 18. Rd1 Ba6 {[#] aiming for ...Be5.} 19. Bxd6 Rxd6 {The position is equal.} (19... Qc6 {feels hotter.} 20. e5 Rbc8 21. a4 Bxb5 22. axb5 Qe8) 20. Qxd6 Qxd6 21. Rxd6 {Strongly threatening Rb3.} Bxb5 22. cxb5 Bxc3 $15 {[%mdl 4096] Endgame KRB-KRB} 23. Rd7 Rc8 24. f4 Bb4 25. Rxa7 Rc2 26. Bf3 Bd6 27. e5 Bc5+ 28. Kh2 Be3 29. Ra4 Rb2 30. Bc6 Rf2 31. Kg3 Kg7 32. Re4 Bc5 33. a4 Ra2 34. Rc4 Ra3+ 35. Bf3 Bg1 36. Rc1 Be3 37. Re1 Bd4 {[%mdl 1024] Black has compensation.} 38. Re4 {Weighted Error Value: White=0.07 (flawless) /Black=0.05 (flawless)} 1/2-1/2

[Event "2nd Bieszczady Chess-ch A 2022"]
[Site "Bystre"]
[Date "2022.07.24"]
[Round "9.1"]
[White "Razin, Vadim"]
[Black "Babiarz, Arkadiusz"]
[Result "1-0"]
[ECO "D31"]
[WhiteElo "2428"]
[BlackElo "2027"]
[Annotator "TA"]
[PlyCount "59"]
[EventDate "2022.07.17"]
[EventCountry "POL"]
[SourceTitle "playchess.com"]
[Source "ChessBase"]
[SourceQuality "1"]
[TimeControl "5400+30"]

1. d4 d5 2. Nf3 e6 3. c4 c6 4. Nc3 dxc4 5. e4 b5 6. Be2 Bb7 7. O-O Nf6 {[%emt 0:00:51] Prevents d5. D31: Queen's Gambit Declined: Semi-Slav without ...Nf6 (+ Marshall Gambit and Noteboom) and Exchange Variation lines without ...Nf6.} 8. e5 Nd5 9. Ne4 Nd7 {[%emt 0:02:17] Black is slightly better.} 10. a4 a6 11. Bd2 Be7 12. b3 cxb3 13. Qxb3 O-O 14. Rfc1 Qb6 {[%emt 0:05:37] [#]} 15. Bg5 $146 (15. Qd3 $11) ({Predecessor:} 15. a5 Qa7 16. Qc2 h6 17. Nc5 Nxc5 18. dxc5 Rad8 19. Ra3 Rd7 20. Ne1 f5 21. exf6 Nxf6 {1-0 (33) Meskovs,N (2561)-Lampert,J (2542) Germany 2022}) 15... Bb4 $15 16. Qc2 {[%emt 0:03:05] Prevents c5.} Rfe8 (16... h6 $17 17. Bd2 Bxd2 18. Qxd2 a5) 17. Nc5 (17. Bd2 $11) 17... Nxc5 $17 18. dxc5 Qc7 19. Qe4 Nc3 (19... Bc3 $15 20. Rab1 b4) 20. Qe3 $11 Nxa4 {[%emt 0:00:52][%mdl 8192] [#]} (20... h6 $11 21. Rxc3 Bxc3 22. Qxc3 hxg5) 21. Rxa4 $1 bxa4 {[%emt 0:00:08] [#]} (21... f6 22. Rxb4) 22. Bf6 {[%emt 0:08:45][%mdl 512] Against Red8. White wants to mate with Qg5.} gxf6 (22... Qe7 23. Bxe7) 23. exf6 Kh8 24. Qh6 Rg8 {[%emt 0:00:04] [#]} 25. Bd3 $1 Rg6 26. Bxg6 fxg6 27. Ng5 {[%emt 0:00:06] Threatening mate with f7.} Bd2 {[%emt 0:06:47] [#]} 28. f7 $1 {[%emt 0:00:11][%csl Gg5][%cal Rh6h7] White mates.} Bxg5 (28... Qxf7 29. Nxf7+) 29. f8=R+ Rxf8 30. Qxf8# {[%emt 0:00:01] Weighted Error Value: White=0.28 (precise) /Black=0.84} 1-0

[Event "2nd Bieszczady Chess-ch A 2022"]
[Site "Bystre"]
[Date "2022.07.24"]
[Round "9.2"]
[White "Tymrakiewicz, Rafal"]
[Black "Kyc, Jerzy"]
[Result "1/2-1/2"]
[ECO "A45"]
[WhiteElo "2205"]
[BlackElo "2203"]
[Annotator "TA"]
[PlyCount "89"]
[EventDate "2022.07.17"]
[EventCountry "POL"]
[SourceTitle "playchess.com"]
[Source "ChessBase"]
[SourceQuality "1"]
[TimeControl "5400+30"]

1. d4 Nf6 2. Bg5 Ne4 3. Bf4 d5 4. e3 c5 5. Bd3 cxd4 6. exd4 {[%emt 0:00:42] A45: Trompowsky Attack.} Nf6 7. c3 Nc6 8. h3 {[%emt 0:03:04] White is slightly better.} e6 9. Nf3 Bd6 10. Bxd6 Qxd6 11. O-O O-O 12. Re1 (12. Nbd2 {seems wilder.} Nh5 13. Ng5 Nf6 14. Re1) 12... a6 {[%emt 0:02:05] [#]} 13. a4 $146 ({Predecessor:} 13. Ne5 Nd7 14. Nxd7 Bxd7 15. Nd2 Rfc8 16. Nf3 b5 17. Ne5 b4 18. Bxh7+ Kf8 19. Qf3 Nxe5 20. dxe5 {½-½ (47) Pastuszko,K (1804)-Chmielecka,A (1440) Suwalki 2011}) 13... b6 14. Nbd2 h6 15. Ne5 Nd7 16. f4 {[%emt 0:10:05] 0x0.0002dee43c66dp-1022s more active pieces. The black rooks are badly placed.} f5 (16... Qc7 $14) 17. Nxd7 (17. Ng6 {is interesting.} Rf7 18. Nf3 Nf6 19. Nfe5) 17... Bxd7 18. Rf1 Ra7 19. Qe2 a5 20. g3 Bc8 21. Nf3 g5 22. Ne5 (22. Kh1 $14 {is more appropriate.}) 22... Nxe5 $11 23. fxe5 Qe7 24. Kg2 Bd7 25. Bb5 (25. h4 {feels hotter.} gxh4 26. Rh1 Be8 27. Rxh4 Qg5 28. Rah1) 25... Rc7 26. Rf2 Bxb5 27. Qxb5 Rb8 28. Raf1 Qd7 29. Qd3 {[%emt 0:01:06] [#] Threatens to win with g4.} Qh7 (29... Qxa4 $2 30. g4 $18) 30. Rc1 h5 31. Rcf1 (31. c4 $11) 31... h4 $15 32. g4 f4 33. Qxh7+ Kxh7 {[%emt 0:00:21][%mdl 4096] Endgame KRR-KRR} 34. Ra1 b5 35. axb5 Rxb5 36. Ra2 (36. Kf1 $11) 36... Rc4 (36... Rcb7 $17) 37. Kf1 a4 38. Rc2 Rb3 39. Ke2 Kg7 40. Kd3 Kf7 (40... Rcb4 $5) 41. Rc1 {[%emt 0:00:00] The position is equal.} a3 42. bxa3 Ra4 43. Rca1 Rc4 44. Rc1 Ra4 45. Rca1 {[%emt 0:00:04] Weighted Error Value: White=0.12 (very precise) /Black=0.09 (flawless)} 1/2-1/2

[Event "2nd Bieszczady Chess-ch A 2022"]
[Site "Bystre"]
[Date "2022.07.24"]
[Round "9.3"]
[White "Marszalek, Maciej"]
[Black "Karvatskyi, Oleksii"]
[Result "1-0"]
[ECO "A36"]
[WhiteElo "2268"]
[BlackElo "1804"]
[Annotator "TA"]
[PlyCount "71"]
[EventDate "2022.07.17"]
[EventCountry "POL"]
[SourceTitle "playchess.com"]
[Source "ChessBase"]
[SourceQuality "1"]
[TimeControl "5400+30"]

1. c4 c5 2. Nc3 Nc6 3. g3 g6 4. Bg2 Bg7 5. e4 e5 6. Nge2 Nge7 7. d3 d6 8. O-O O-O 9. a3 Be6 10. Rb1 Qd7 {[%emt 0:01:29] 10...Qd7 is better than 10...a5.} 11. b4 Nd4 12. bxc5 {[%emt 0:05:01] A36: Symmetrical English vs ...g6: 4 Bg2 Bg7.} dxc5 (12... Nxe2+ $1 $11 13. Qxe2 dxc5) 13. Nd5 (13. Nxd4 $14 exd4 14. Nd5) 13... Nec6 {[%emt 0:01:17] [#]} 14. Nec3 $146 {[%emt 0:01:58] The position is equal.} ({Predecessor:} 14. Nxd4 Nxd4 15. Be3 b6 16. Bxd4 cxd4 17. a4 f6 18. Rb5 Rf7 19. a5 bxa5 20. Qa4 {½-½ (51) Leveque,S (2109)-Grimaldi,P (1910) Campobasso 2005}) 14... f5 15. exf5 Bxf5 16. Be3 Rab8 17. Ne4 b6 18. Kh1 Bg4 19. f3 Be6 20. f4 Bxd5 21. cxd5 {[%emt 0:00:07] Qa4 is the strong threat.} Ne7 22. fxe5 (22. Bxd4 $5 exd4 23. d6 $14) 22... Nxd5 (22... Bxe5 $11 23. Bh6 Bg7) 23. Bxd4 $16 cxd4 {[%emt 0:01:24] [#]} (23... Rxf1+ $16 24. Qxf1 cxd4) 24. Qb3 $1 $18 Bxe5 {[%emt 0:02:45] [#]} (24... Kh8) 25. Ng5 $1 Rbd8 26. Rxf8+ Kxf8 27. Rf1+ ({Not} 27. Bh3 Qd6 28. Ne6+ Ke7 $18) 27... Nf6 (27... Kg8 $2 28. Nf7 Rf8 29. Nxe5 $18) 28. Ne6+ (28. Kg1 $142) 28... Ke7 29. Nxd8 Kxd8 (29... Qxd8 $142 30. Re1 Qd6) 30. a4 Qd6 (30... Ke7 $142 31. a5 Qe6) 31. Qf7 Qe7 32. Qc4 {[%emt 0:02:02] Hoping for Qc6.} Qc7 (32... Qd6 {was worth a try.} 33. a5 Ke7 34. axb6 axb6) 33. Qe6 {[%emt 0:00:19] White is clearly winning.} Qe7 34. Qc6 Nd7 35. Bh3 {[%emt 0:00:27][%cal Of1f8] White threatens Rf8+! and mate.} Qd6 {[%emt 0:00:33] Against Rf8+} 36. Bxd7 {[%emt 0:00:24] Weighted Error Value: White=0.37/Black=0.57} 1-0

[Event "2nd Bieszczady Chess-ch A 2022"]
[Site "Bystre"]
[Date "2022.07.24"]
[Round "9.4"]
[White "Sygulski, Piotr"]
[Black "Lewtak, Damian"]
[Result "0-1"]
[ECO "A47"]
[WhiteElo "2013"]
[BlackElo "2397"]
[Annotator "TA"]
[PlyCount "76"]
[EventDate "2022.07.17"]
[EventCountry "POL"]
[SourceTitle "playchess.com"]
[Source "ChessBase"]
[SourceQuality "1"]
[TimeControl "5400+30"]

1. d4 Nf6 2. Nf3 b6 3. g3 Bb7 4. Bg2 e6 5. O-O g6 6. b3 Bg7 7. Bb2 O-O 8. c4 d6 9. Nc3 Ne4 {[%emt 0:01:59] A15: English Opening: 1...Nf6.} 10. Qc2 Nxc3 11. Bxc3 Nd7 {[%emt 0:00:07] The position is equal.} 12. e4 Qe7 13. Rfe1 a5 {[%emt 0:03:25] [#]} 14. a3 $146 ({Predecessor:} 14. Rad1 Rfd8 15. h3 Rac8 16. Kh2 c5 17. d5 Bxc3 18. Qxc3 e5 19. Nd2 a4 20. f4 {0-1 (45) Terry,R (2463)-Chigaev,M (2559) Chess.com INT 2017}) 14... c5 15. a4 Rad8 16. Rad1 Nb8 17. d5 Bxc3 18. Qxc3 e5 19. Nh4 Bc8 20. Rf1 Rde8 21. Rde1 Qd8 22. Qd2 Qf6 23. Qh6 Re7 24. f3 Rfe8 25. g4 {[%emt 0:02:34] [#]} (25. f4 $11) 25... Qg7 (25... Qf4 $1 $17 26. Qxf4 exf4) 26. Qd2 $15 f5 27. h3 ({Of course not} 27. gxf5 g5 28. f6 Qxf6 $17) (27. exf5 $11 {keeps the balance.} g5 28. f4 (28. f6 Qxf6 29. Nf5 Bxf5 $17) 28... gxh4 29. f6 Qxf6 30. fxe5) 27... Rf7 28. Re2 Ref8 (28... f4 $17 {And now ...Qf6 would win.} 29. Rd1 Na6) 29. Ref2 ({White should play} 29. Rff2 $15) 29... f4 $19 {[%emt 0:04:40] ...Qf6 is the strong threat.} 30. Re2 (30. Bh1 $17) 30... Qf6 31. Qe1 {[%emt 0:00:06] [#]} h5 $1 32. g5 (32. gxh5 {was worth a try.} gxh5 33. Nf5) 32... Qxg5 33. Kh2 Rg7 34. Rg1 Qg3+ 35. Qxg3 {[%emt 0:00:06] Black is clearly better.} fxg3+ 36. Kxg3 g5 37. Nf5 Bxf5 38. exf5 Rxf5 {[%emt 0:00:09] Weighted Error Value: White=0.31/Black=0.12 (very precise)} 0-1

[Event "2nd Bieszczady Chess-ch A 2022"]
[Site "Bystre"]
[Date "2022.07.24"]
[Round "9.5"]
[White "Wilk, Tomasz"]
[Black "Hnatyshyn, Anastasiia"]
[Result "0-1"]
[ECO "B31"]
[WhiteElo "1900"]
[BlackElo "1931"]
[Annotator "TA"]
[PlyCount "60"]
[EventDate "2022.07.17"]
[EventCountry "POL"]
[SourceTitle "playchess.com"]
[Source "ChessBase"]
[SourceQuality "1"]
[TimeControl "5400+30"]

1. e4 c5 2. Nf3 Nc6 3. Bb5 g6 4. Bxc6 dxc6 5. d3 Bg7 6. h3 Nf6 7. a4 {[%emt 0:03:27] B31: Sicilian: 2...Nc6 3 Bb5 g6.} a5 8. Be3 b6 9. Nbd2 {[%emt 0:01:36] [#] White has an edge.} O-O $146 ({Predecessor:} 9... Ba6 10. O-O O-O 11. Rb1 Nd7 12. b3 b5 13. Re1 Qc7 14. Nf1 Qd6 15. Qd2 c4 16. bxc4 bxc4 {1-0 (44) Mahip,S (1599)-Castillo Rivera,C (1841) Tornelo INT 2021}) 10. Nc4 Ne8 11. Rb1 Ba6 12. b3 Bxc4 13. bxc4 Rb8 14. Qd2 Nc7 15. Bh6 Ne6 16. h4 Bxh6 17. Qxh6 {[%emt 0:00:05] White threatens Ng5 and mate.} f6 {[%emt 0:00:07][%cal Ob6b5] Against Ng5} 18. O-O Qd7 19. Qd2 (19. e5) (19. e5 $14 {feels stronger.}) 19... g5 (19... b5 $11 {remains equal.}) 20. hxg5 $16 fxg5 21. Ne5 Qd6 22. Ng4 Kh8 23. Ne3 Qf4 24. g3 {[%emt 0:01:11] [#]} (24. Qd1 $14 {stays ahead.}) 24... Nd4 $1 $17 {[%emt 0:00:37] ...Nf3+ is the strong threat.} 25. Qd1 {[%emt 0:02:02] [#]} (25. gxf4 Nf3+) 25... Qf3 {[%emt 0:04:22] 0x0.001f2478819bdp-1022s more active pieces.} 26. Nf5 $2 {[%emt 0:00:52][%mdl 8192] Now White is beyond hope.} (26. Qxf3 $17 Nxf3+ 27. Kg2) 26... Ne2+ $19 27. Kh2 e6 28. Rxb6 exf5 ({Weaker is} 28... Rxb6 29. Qa1+ Nd4 30. Nxd4 $11) ({Stronger than} 28... Qh5+ 29. Kg2 Nf4+ 30. gxf4 $19) 29. Rxc6 f4 30. Qa1+ Kg8 {[%emt 0:03:29] Weighted Error Value: White=0.70/Black=0.07 (flawless)} 0-1

[Event "2nd Bieszczady Chess-ch A 2022"]
[Site "Bystre"]
[Date "2022.07.24"]
[Round "9.6"]
[White "Kasperek, Ryszard"]
[Black "Kucharski, Bartlomiej"]
[Result "1-0"]
[ECO "B06"]
[WhiteElo "2058"]
[BlackElo "2003"]
[Annotator "TA"]
[PlyCount "201"]
[EventDate "2022.07.17"]
[EventCountry "POL"]
[SourceTitle "playchess.com"]
[Source "ChessBase"]
[SourceQuality "1"]
[TimeControl "5400+30"]

1. e4 d6 2. d4 g6 3. Nc3 Bg7 4. f4 a6 5. Nf3 b5 6. Bd3 Bb7 7. O-O {[%emt 0:14:39] B06: Modern Defence.} c5 8. dxc5 dxc5 (8... Nf6) 9. e5 {[%emt 0:00:06] White is better.} Nh6 {[%emt 0:11:10] [#]} 10. a4 $146 (10. Be4 Qc8 11. Ng5) (10. Be4 $16 Qc8 11. Bxb7 Qxb7 12. Qd5 Qxd5 13. Nxd5) ({Predecessor:} 10. Be4 Nc6 11. Be3 c4 12. Qe1 Nf5 13. Rd1 Qa5 14. Bxf5 gxf5 15. Qg3 O-O 16. Nd5 Qxa2 {1-0 (24) Gelman,A (2410)-Djukic,N (2518) Chess.com INT 2019}) 10... b4 $14 11. Be4 Nc6 12. Nd5 e6 (12... Na5 $11) 13. Nf6+ Bxf6 14. exf6 O-O {[%emt 0:01:21] [#]} (14... Na5 $14 15. Bxb7 Nxb7) 15. Ne5 $1 $16 Na5 (15... Rc8 $16) 16. Bxb7 $18 Nxb7 17. Qf3 Nd6 {[%emt 0:02:15] [#]} 18. Rd1 $2 (18. g4 $1 $18) 18... Nhf5 $16 19. c3 {[%emt 0:01:32] 0x0.00208f36d30edp-1022s more active pieces. The black rooks are badly placed.} h5 ({Not} 19... Qxf6 20. Nd7 Qe7 21. Nxf8 Rxf8 22. g4 $16) 20. Be3 bxc3 21. bxc3 Qa5 (21... Qc7 $16) 22. Bf2 $18 Rfc8 23. h3 h4 24. Nc6 $2 (24. Ra2 $18) 24... Qc7 $11 25. Ne7+ Nxe7 26. fxe7 Qxe7 {[%emt 0:02:31][%mdl 8192] [#]} (26... Nf5 $11) 27. Bxc5 $1 $18 {[%emt 0:00:28][%mdl 576] Deflection} Rxc5 28. Qxa8+ Kg7 29. Qxa6 Ne4 30. Qd3 Nxc3 31. Re1 Qf6 $2 (31... Qc7 32. Qd4+ Kh7) 32. a5 Nd5 33. Ra4 Nxf4 34. Qe3 Rf5 35. a6 {[%emt 0:00:16] a7 is the strong threat.} Qg5 36. Ra2 {[%emt 0:01:14] And now a7 would win.} f6 37. a7 Ra5 38. Rf2 Nh5 39. Qb6 Qd5 40. Qc7+ Kh6 41. Qe7 $2 (41. Qc3 $18) 41... e5 $11 42. Qf8+ Kg5 $1 43. Qb4 {[%emt 0:00:00] Threatens to win with Rd2. The board is on fire.} Rxa7 44. Qg4+ Kh6 45. Qxh4 {[%emt 0:00:00] Black must now prevent Rxf6.} Kg7 46. Qb4 Rb7 47. Qc3 Nf4 48. Rd2 Qb5 49. Kh2 Rd7 50. Red1 Rxd2 51. Qc7+ Kh6 52. Rxd2 $14 {[%emt 0:00:00][%mdl 4096] Endgame Strongly threatening Qd6. KQR-KQN} Qb4 53. Qd6 Qxd6 54. Rxd6 {[%emt 0:00:01] KR-KN} Kg5 55. Kg3 (55. g3 $1 $14 Ne2 56. Kg2) 55... Nh5+ (55... f5 $11) 56. Kf3 f5 57. h4+ (57. g3 $1 $14) 57... Kh6 58. g4 e4+ 59. Ke3 fxg4 60. Kxe4 Ng3+ 61. Kf4 Nf5 62. Ra6 $2 (62. Rb6 $11 g3 63. Kg4) 62... Nxh4 63. Kxg4 $2 (63. Ra8 $11 Nf5 64. Kxg4) 63... Nf5 64. Re6 $2 (64. Kf4 $11) 64... Nd4 $2 (64... Kg7 $11) 65. Re1 $2 (65. Rb6 $11) 65... Nf5 $2 (65... Kg7 $11) 66. Re6 $2 (66. Rh1+ $11 Kg7 67. Rb1) 66... Nd4 $2 (66... Kg7 $11) 67. Re3 $2 (67. Rb6 $11) 67... Nf5 $2 (67... Kg7 $11) 68. Rh3+ Kg7 69. Kg5 $2 (69. Kf4 $11) 69... Nd6 $2 (69... Nd4 $11) 70. Rd3 $2 (70. Rf3 $11) 70... Nf7+ 71. Kf4 Kf6 $2 (71... g5+ $11 72. Kf5 Nh6+ 73. Kxg5 Nf7+ 74. Kf5 Nh6+ 75. Ke6 Kg6) 72. Ra3 $2 (72. Rd4 $11) 72... Kg7 $2 (72... g5+ $11 73. Ke4 Nd6+ 74. Kf3 Nf7) 73. Ra6 $2 (73. Ra5 $11) 73... Kh6 $2 (73... g5+ $11 74. Kf5 Nh6+ 75. Kxg5 Nf7+ 76. Kf4 Nh6) 74. Ke4 $2 (74. Kg4 $11) 74... Kg5 75. Rc6 $2 (75. Ra5+ $11 Kg4 76. Rc5) 75... Kh6 $2 (75... Kg4 $11) 76. Rc7 $2 (76. Rf6 $11 Kg7 77. Rc6) 76... Kg7 $2 (76... Nd6+ $11 77. Kf4 Ne8) 77. Kd5 $2 (77. Rb7 $11) 77... Kf6 78. Rc8 $2 (78. Rc6+ $11 Kf5 79. Rc7) 78... Ng5 $2 (78... g5 $11) 79. Rf8+ $2 (79. Rc6+ $11 Kf5 80. Rc7) 79... Nf7 80. Ra8 $2 (80. Kc4 $11) 80... Kf5 $2 (80... g5 $11) 81. Ra1 $2 (81. Rf8 $11 Kf6 82. Ke4) 81... Kf6 $2 (81... g5 $11) 82. Rf1+ Kg7 $2 (82... Ke7 $11) 83. Ke6 $2 (83. Ke4 $11) 83... Nd8+ $2 (83... Ng5+ $11 84. Ke7 Ne4) 84. Ke7 $2 (84. Kd7 $11 Nf7 85. Ke6 Ng5+ 86. Ke7) 84... Nc6+ 85. Kd6 Nd4 86. Rf4 $2 (86. Kc5 $11 Nf5 87. Rf2) 86... Nf5+ 87. Ke6 $2 (87. Kd5 $11) 87... Kh6 88. Kf6 Kh5 89. Rf2 $2 (89. Ra4 $11) 89... Nh4 $2 (89... Kg4 $11) 90. Rf4 $2 (90. Rh2 $11) 90... Nf5 91. Rf1 $2 (91. Ra4 $11) 91... Nh4 $2 (91... Ne3 $11 92. Rh1+ Kg4) 92. Rg1 $2 (92. Rh1 $11) 92... Kh6 $2 (92... Nf5 $11) 93. Rg5 $2 (93. Rh1 $11 Kh5 94. Rg1) 93... Kh7 $2 (93... Nf3 $11 94. Rxg6+ Kh5) 94. Rg4 {[%emt 0:00:22] White mates.} Nf5 95. Rxg6 Nh6 96. Rg7+ Kh8 97. Kg6 Ng4 98. Re7 Nh6 99. Rg7 Nf5 100. Rd7 Nh4+ 101. Kg5 {Weighted Error Value: White=0.36/Black=0.38} 1-0

[Event "2nd Bieszczady Chess-ch A 2022"]
[Site "Bystre"]
[Date "2022.07.24"]
[Round "9.7"]
[White "Dzwierzynski, Bartosz"]
[Black "Palacki, Rafal"]
[Result "1/2-1/2"]
[ECO "A43"]
[WhiteElo "2129"]
[BlackElo "1832"]
[Annotator "TA"]
[PlyCount "96"]
[EventDate "2022.07.17"]
[EventCountry "POL"]
[SourceTitle "playchess.com"]
[Source "ChessBase"]
[SourceQuality "1"]
[TimeControl "5400+30"]

1. d4 g6 2. c4 Bg7 3. Nc3 c5 4. d5 Bxc3+ 5. bxc3 f5 6. e4 fxe4 7. f3 e5 $1 {[%emt 0:00:03] The main line 7...e5 scores better than 7...Nf6. A40: Unusual replies to 1 d4.} 8. Qe2 Qa5 9. Bd2 d6 {[%emt 0:02:21] White is slightly better.} 10. fxe4 Nf6 {[%emt 0:01:38] [#]} 11. Qd3 $146 ({Predecessor:} 11. h3 Qa3 12. g4 Qb2 13. Rc1 Qxa2 14. Qe3 Nbd7 15. Bd3 Nb6 16. Qe2 O-O 17. Bh6 Qxe2+ 18. Kxe2 {1-0 (42) Abdel Razik,K (2430)-Ahmed,A (2187) Cairo 2015}) 11... Nbd7 12. Nf3 Nb6 (12... Nh5 $14) 13. Be2 $18 {[%emt 0:00:23] Hoping for 0-0.} Bd7 $2 (13... Nh5 $16 {keeps fighting.}) 14. O-O O-O-O 15. Bg5 (15. Nxe5 dxe5 16. Rxf6 Rdf8) 15... Rdf8 {[%emt 0:00:28] [#]} (15... Nh5 {might work better.} 16. Bxd8 Rxd8) 16. Bh6 (16. Nxe5 $142 $1 Nxe4 (16... dxe5 17. Bxf6) 17. Rxf8+ (17. Qxe4 Re8 $18) 17... Rxf8 18. Nxd7 (18. Qxe4 Re8 $16) 18... Nxd7 19. Qxe4 Qxc3 20. Rd1) 16... Nh5 17. Bxf8 Nf4 {[%emt 0:00:04] [#]} 18. Qe3 Rxf8 19. Nd2 $2 (19. Kh1 $16 {keeps the pressure on.}) 19... Qxc3 $1 $19 {[%emt 0:01:30][%mdl 64] Deflection, Decoy} 20. Qxc3 (20. Bd3 $142 Rd8 21. Rab1 Qxd3 22. Qxd3 Nxd3 23. Rf7) 20... Nxe2+ 21. Kh1 Rxf1+ ({Don't take} 21... Nxc3 22. Rxf8+ Kc7 23. Rf7 $18) 22. Rxf1 Nxc3 23. a3 Be8 24. Kg1 Ne2+ 25. Kf2 Nd4 26. Kg3 Kd8 27. Rf8 Nd7 28. Rh8 (28. Rf1 $142) 28... Nf6 29. Kh4 Ke7 30. Kg5 Kf7 31. Kh6 a6 {[%emt 0:02:49] ...b5 is the strong threat.} 32. h3 (32. a4 $142) 32... b5 33. g4 g5 34. h4 Nxg4+ 35. Kxg5 Nf6 36. Kh6 b4 37. axb4 cxb4 38. c5 dxc5 39. Nc4 Nf3 40. Nd6+ Ke7 41. Nf5+ Kd7 {[%emt 0:00:00] And now ...b3 would win.} 42. Kg7 b3 $2 43. Kxf6 $11 {[%emt 0:00:00][%mdl 4096] Endgame KRN-KBN. The position is equal.} b2 44. Rxh7+ Kd8 (44... Kc8 $5 45. Nd6+ Kd8 $11) 45. Rb7 Bb5 46. Nd6 $1 b1=Q 47. Nf7+ Kc8 48. Nd6+ Kd8 {[%emt 0:00:00] Whites escaped into a draw.  Weighted Error Value: White=0.81/Black=0.28 (precise)} 1/2-1/2